 Dungeon Crawl Stone Soup version 0.31.0-32-g396128a36d (webtiles) character file.

Game seed: 10452745553873062834

3499 spaghetti the Covert (level 10, -2/58 HPs)
             Began as a Vine Stalker Summoner on Mar 11, 2024.
             Was an Initiate of Kikubaaqudgha.
             Slain by an orc warrior
             ... wielding a +0 battleaxe
              (14 damage)
             ... on level 8 of the Dungeon.
             The game lasted 00:12:50 (7803 turns).

spaghetti the Covert (Vine Stalker Summoner)        Turns: 7803, Time: 00:12:50

Health: -2/58      AC: 11    Str: 14    XL:     10   Next: 7%
Magic:  0/16       EV: 14    Int: 15    God:    Kikubaaqudgha [......]
Gold:   397        SH:  0    Dex: 16    Spells: 5/15 levels left

rFire   + + .        u - +1 spear (flame)
rCold   x . .        (no shield)
rNeg    . . .        F - +2 leather armour {rPois}
rPois   +            (no helmet)
rElec   .            r - +2 cloak {rPois}
rCorr   .            (no gloves)
SInv    .            t - +2 pair of boots
Will    +....        (no amulet)
Stlth   ++++         y - ring of protection from fire
HPRegen 1.09/turn    G - ring of fire
MPRegen 0.15/turn

%: guardian spirit
@: mighty, attractive, very slightly contaminated, hasted, very quick
A: fangs 3, regeneration 1, magic shield, antimagic bite, no potion heal 2
a: Renounce Religion


You were on level 8 of the Dungeon.
You worshipped Kikubaaqudgha.
Kikubaaqudgha was noncommittal.
You visited 2 branches of the dungeon, and saw 9 of its levels.
You also visited: Ossuary.

You collected 397 gold pieces.

Inventory:

Hand Weapons
 c - a +0 dagger of freezing
 j - a +0 scythe
 q - a +3 quarterstaff of chaos
 u - a +1 spear of flaming (weapon)
Armour
 a - a +0 robe
 r - a +2 cloak of poison resistance (worn)
 t - a +2 pair of boots (worn)
 F - a +2 leather armour of poison resistance (worn)
Jewellery
 n - a ring of positive energy
 y - a ring of protection from fire (left hand)
 G - a ring of fire (right hand)
Wands
 p - a wand of flame (13)
Scrolls
 d - 2 scrolls of butterflies
 e - 2 scrolls of poison
 g - a scroll of revelation
 h - a scroll of torment {unknown}
 i - a scroll of enchant armour
 k - 2 scrolls of teleportation
 s - 2 scrolls of amnesia
 w - a scroll of vulnerability
 x - 2 scrolls of enchant weapon
 B - a scroll of immolation {unknown}
 C - a scroll of fog {unknown}
Potions
 b - 2 potions of magic
 f - 5 potions of curing
 l - 2 potions of enlightenment
 A - a potion of haste
 D - a potion of heal wounds {unknown}
 E - 2 potions of degeneration {unknown}


   Skills:
 + Level 9.0 Fighting
 + Level 5.3 Dodging
 - Level 10.0 Stealth
 - Level 3.3 Spellcasting
 - Level 4.0 Summonings


You had 5 spell levels left.
You knew the following spells:

 Your Spells              Type           Power      Damage    Failure   Level
a - Summon Small Mammal   Summ           56%        N/A       4%          1
b - Call Imp              Summ           28%        N/A       7%          2
c - Call Canine Familiar  Summ           14%        N/A       14%         3
d - Summon Blazeheart Go  Fire/Summ      12%        N/A       71%         4

Your spell library contained the following spells:

 Spells                   Type           Power      Damage    Failure   Level
 Lesser Beckoning         Tloc           4%         N/A       36%         2
 Scorch                   Fire           6%         2d5       36%         2
 Gell's Gravitas          Tloc           2%         N/A       58%         3
 Teleport Other           Tloc           2%         N/A       58%         3
 Summon Lightning Spire   Summ/Air       8%         N/A       71%         4
 Flame Wave               Conj/Fire      3%         2d5       94%         4
 Summon Cactus Giant      Summ           7%         N/A       100%        6


Dungeon Overview and Level Annotations

Branches:
Dungeon (8/15)             Temple (1/1) D:5         Ossuary (visited)
   Lair: D:8-11

Altars:
Ashenzari
Cheibriados
Dithmenos
Elyvilon
Fedhas
Gozag
Hepliaklqana
Kikubaaqudgha
Makhleb
Nemelex Xobeh
Okawaru
Ru
Sif Muna
Trog
Uskayaw
Vehumet
Wu Jian
Xom
Yredelemnul
Zin
The Shining One

Shops:
D:1 [   D:2 (*([=


Innate Abilities, Weirdness & Mutations

You have razor-sharp teeth.
Your natural rate of healing is unusually fast.
When hurt, damage is shared between your health and your magic reserves.
Your bite disrupts and absorbs the magic of your enemies.
Potions cannot restore your health.


Message History

You reach to attack!
You puncture the nameless horror! You burn the nameless horror.
The nameless horror is moderately damaged.
Send 'em back where they came from!
Your inugami shudders.
Your inugami hits the nameless horror but does no damage.
Reach: u) +1 spear (flame)
Press: ? - help, Dir - move target, f/p - nameless horror
Aim: a nameless horror (lightly damaged, durably summoned, ally target, about 9% to evade your +1 spear of flaming)
You could not reach far enough!
Reach: u) +1 spear (flame)
Press: ? - help, Dir - move target, f/p - nameless horror
Aim: a nameless horror (lightly damaged, durably summoned, ally target, about 9% to evade your +1 spear of flaming)
You could not reach far enough!
Send 'em back where they came from!
Your inugami disappears in a puff of smoke!
The nameless horror is attracted toward you.
The orc is attracted toward you.
You hit the nameless horror. You burn the nameless horror.
The nameless horror is moderately damaged.
The nameless horror hits you!
* * * LOW HITPOINT WARNING * * *
You puncture the nameless horror! You burn the nameless horror.
The nameless horror is heavily damaged.
You hit the nameless horror. You burn the nameless horror.
You bite the nameless horror! You drain its power.
You feel invigorated.
The nameless horror is almost destroyed.
The nameless horror hits you!
* * * LOW HITPOINT WARNING * * *
You feel your power leaking away.
You puncture the nameless horror! You burn the nameless horror.
You destroy the nameless horror!
That felt strangely unrewarding.
The orc is attracted toward you.
The orc warrior is attracted toward you.
You hit the orc. You burn the orc.
You kill the orc!
Kikubaaqudgha accepts your kill.
You barely miss the orc warrior.
The orc warrior hits you with a +0 battleaxe!
You die...
Kikubaaqudgha rasps: "You have failed me!
Welcome... death!"

...^....... .....o....#
........... ....o.....#
.##..###...# #...#
###..###...########...#
.#...+.....#.....#.o..#
.#...#.....#.....#..o.#
+##..# #...# #..###o..#
.##..###...###..###o..#
.............+..@.#.X.#
.............#...o#...#
.##..###..#....#.#ooo.#
.##..###..#############
......#....#
......#....#
#..######..#
#..####.#### ...#.....#


You could see an orc warrior and 2 orcs.

Vanquished Creatures
  A two-headed ogre (D:8)
  5 nameless horrors (D:8)
  3 steam dragons
  An ice beast (D:7)
  2 sky beasts
  2 centaurs
  A phantom (D:6)
  3 elf zombies (Ossuary)
  A kobold brigand (D:8)
  2 bullfrogs
  A burial acolyte (Ossuary)
  3 killer bees
  A centaur zombie (Ossuary)
  A gnoll bouda (D:6)
  A human zombie (Ossuary)
  4 hounds
  Jessica (D:2)
  2 iguanas (D:6)
  2 crocodile zombies (Ossuary)
  3 hound zombies (Ossuary)
  3 mummies (Ossuary)
  5 adders
  3 gnolls
  2 shadow imps (D:7)
  A white imp (D:7)
  4 adder zombies (Ossuary)
  3 dart slugs
  3 ribbon worms
  8 orcs
  4 bats
  7 endoplasms
  3 giant cockroaches
  7 hobgoblins
  A jackal (D:3)
  A quokka (D:1)
  5 ball pythons
  4 ball python zombies (Ossuary)
  2 frilled lizards (D:1)
  2 goblins
  4 jackal zombies (Ossuary)
  A kobold (D:1)
  A kobold zombie (Ossuary)
  6 rats (D:1)
120 creatures vanquished.

Vanquished Creatures (collateral kills)
  Psyche (D:8)
  Sigmund (D:2)
  A water moccasin (D:7)
  Blork the orc (D:4)
  A bullfrog (D:6)
  A scorpion (D:4)
  A killer bee (D:7)
  Crazy Yiuf (D:3)
  A hound (D:5)
  A gnoll bouda (D:2)
  An iguana (D:7)
  6 gnolls
  2 adders
  3 adder zombies (Ossuary)
  A ribbon worm (D:2)
  5 orcs (D:5)
  An endoplasm (D:2)
  A gnoll zombie (Ossuary)
  4 hobgoblins
  2 jackals (D:3)
  A kobold (D:2)
  A quokka (D:4)
  A ball python zombie (Ossuary)
  A goblin (D:4)
  A jackal zombie (Ossuary)
  A kobold zombie (Ossuary)
  A rat (D:2)
43 creatures vanquished.

Vanquished Creatures (others)
  6 kobolds (D:8)
  3 blazeheart cores
9 creatures vanquished.

Grand Total: 172 creatures vanquished

Notes
Turn   | Place    | Note
-------+----------+-------------------------------------------
     0 | D:1      | spaghetti the Vine Stalker Summoner began the quest for the
                  | Orb.
     0 | D:1      | Reached XP level 1. HP: 9/9 MP: 4/4
   154 | D:1      | Reached XP level 2. HP: 13/13 MP: 4/6
   206 | D:1      | Found Kosoh's Antique Armour Emporium.
   460 | D:1      | Reached XP level 3. HP: 17/17 MP: 6/8
   503 | D:1      | Reached skill level 1 in Fighting
   827 | D:2      | Found Ycuukeoh's Jewellery Emporium.
   912 | D:2      | Noticed Jessica
   952 | D:2      | Killed Jessica
   953 | D:2      | Reached XP level 4. HP: 21/23 MP: 0/10
   956 | D:2      | Learned a level 2 spell: Call Imp
   960 | D:2      | Learned a level 3 spell: Call Canine Familiar
  1066 | D:2      | Found Moetoh's Armour Shoppe.
  1083 | D:2      | Found Syux's Antique Weapon Shop.
  1102 | D:2      | Reached skill level 3 in Stealth
  1144 | D:2      | Reached XP level 5. HP: 28/28 MP: 2/11
  1590 | D:2      | Found Woist's Weapon Shoppe.
  1796 | D:2      | Noticed Sigmund
  1809 | D:2      | Killed Sigmund
  1810 | D:2      | Reached skill level 5 in Stealth
  1810 | D:2      | Reached XP level 6. HP: 14/33 MP: 1/12
  1927 | D:2      | Found Ysec Mergh's General Store.
  2000 | D:3      | Learned a level 4 spell: Summon Blazeheart Golem
  2192 | D:3      | Found a runed translucent door.
  2193 | D:3      | Noticed Crazy Yiuf
  2616 | D:3      | Killed Crazy Yiuf
  2868 | D:4      | Reached XP level 7. HP: 38/38 MP: 13/13
  2963 | D:4      | Noticed Blork the orc
  2976 | D:4      | Killed Blork the orc
  2977 | D:4      | Reached skill level 6 in Stealth
  3363 | D:5      | Entered Level 5 of the Dungeon
  3370 | D:5      | Found a sand-covered staircase.
  3378 | Ossuary  | Entered an ossuary
  3501 | Ossuary  | Reached skill level 5 in Fighting
  3557 | Ossuary  | Reached skill level 7 in Stealth
  3624 | Ossuary  | Gained mutation: You have razor-sharp teeth. [Vine Stalker
                  | growth]
  3624 | Ossuary  | Reached XP level 8. HP: 34/44 MP: 8/14
  3848 | D:5      | Found a staircase to the Ecumenical Temple.
  4247 | D:5      | Reached skill level 8 in Stealth
  4754 | Temple   | Entered the Ecumenical Temple
  4835 | D:6      | Found a shadowy altar of Dithmenos.
  4838 | D:6      | Found a blossoming altar of Fedhas.
  4838 | D:6      | Found a broken altar of Ashenzari.
  4857 | D:6      | Found an iron altar of Okawaru.
  5075 | D:6      | Reached skill level 9 in Stealth
  5237 | D:6      | Found an ancient bone altar of Kikubaaqudgha.
  5447 | D:6      | Became a worshipper of Kikubaaqudgha
  5708 | D:7      | Reached XP level 9. HP: 15/50 MP: 12/15
  5832 | D:7      | Reached skill level 10 in Stealth
  7023 | D:8      | Noticed a two-headed ogre
  7031 | D:8      | Killed a two-headed ogre
  7205 | D:8      | Noticed a nameless horror
  7217 | D:8      | Gained mutation: You are partially covered in iridescent
                  | scales. (AC +2) [potion of mutation]
  7217 | D:8      | Lost mutation: You are partially covered in iridescent
                  | scales. (AC +2) [potion of mutation]
  7225 | D:8      | Killed a nameless horror
  7413 | D:8      | Noticed a nameless horror
  7425 | D:8      | Reached skill level 5 in Dodging
  7425 | D:8      | Reached XP level 10. HP: 44/57 MP: 0/16
  7442 | D:8      | Killed a nameless horror
  7528 | D:8      | Noticed Psyche
  7540 | D:8      | Killed Psyche
  7768 | D:8      | Noticed a nameless horror
  7770 | D:8      | Noticed a nameless horror
  7794 | D:8      | Killed a nameless horror
  7801 | D:8      | Killed a nameless horror
  7803 | D:8      | Slain by an orc warrior

Illustrated notes

Levels and vault maps discovered:
D:1:      denvon_arrival_planthouse, layout_rooms, serial_shops,
          nicolae_shop_real_fake_doors
D:2:      layout_basic, serial_shops, shop, nicolae_shop_back_alley_shop,
          nicolae_shop_bloodbath_and_beyond, shop, shop, uniq_sigmund,
          uniq_jessica
D:3:      layout_loops_ring, uniq_crazy_yiuf_cottage
D:4:      layout_rooms, uniq_blork_the_orc
D:5:      layout_basic, minmay_temple_entry_statues_pillars,
          nicolae_ossuary_entry_monument
D:6:      layout_loops_ring, nicolae_kikubaaqudgha_miasma_corner,
          grunt_temple_overflow_open
D:7:      nicolae_cairo_tiling_large, layout_basic, minivault_14
D:8:      layout_gridville, uniq_psyche
Temple:   eino_temple_rhombus

Skill      XL: |  1  2  3  4  5  6  7  8  9 10 |
---------------+-------------------------------+-----
Spellcasting   | 3 |  3.3
Fighting       | 2 3 4 5 7 8 9 |  9.0
Stealth        | 3 5 7 9 10 | 10.0
Dodging        | 2 5 |  5.3
Summonings     | |  4.0

Action                     |  1- 3 |  4- 6 |  7- 9 | 10-12 || total
---------------------------+-------+-------+-------+-------++-------
  Melee: Unarmed           |   167 |       |       |       ||   167
         Bite              |    50 |    37 |   106 |    20 ||   213
         Dagger            |     8 |    84 |     4 |       ||    96
         Punch             |     1 |     1 |     2 |     1 ||     5
         Spear             |       |       |   346 |    40 ||   386
   Cast: Summon Small Mamm |     2 |    15 |    33 |       ||    50
         Call Imp          |       |    14 |    39 |     1 ||    54
         Call Canine Famil |       |    11 |    27 |     3 ||    41
         Summon Blazeheart |       |       |     3 |     3 ||     6
    Use: Potion            |     2 |       |     3 |     4 ||     9
         Scroll            |       |       |    10 |       ||    10
   Stab: Sleeping          |     4 |     2 |    11 |       ||    17
         Distracted        |       |       |     7 |       ||     7
 Armour: Robe              |    87 |    44 |   162 |       ||   293
         Leather armour    |       |       |    70 |    27 ||    97
  Dodge: Dodged            |    96 |    53 |   230 |    18 ||   397
